 Seeded DCSS version 0.29.0-11-gd7f09526c8 (webtiles) character file.

Game seed: 3121381558354691732 (custom seed)

86 purpskrrrp the Trooper (level 4, 0/40 HPs)
             Began as a Hill Orc Fighter on Sept 7, 2022.
             Slain by an ogre
             ... wielding a +0 giant spiked club
              (7 damage)
             ... on level 3 of the Dungeon.
             The game lasted 00:04:14 (1380 turns).

purpskrrrp the Trooper (Hill Orc Fighter)           Turns: 1380, Time: 00:04:15

Health: 0/40       AC: 11    Str: 24    XL:     4   Next: 50%
Magic:  4/4        EV:  9    Int:  8    God:
Gold:   172        SH:  9    Dex: 10    Spells: 3/3 levels left

rFire   + . .      SeeInvis +   i - +11 hand crossbow of the Screaming Gnat {venom, rElec rPois Dex-2 SInv}
rCold   . . .      Faith    .   c - +0 buckler
rNeg    + + .      Spirit   .   b - +0 scale mail
rPois   +          Reflect  +   f - +0 helmet "Dungucy" {rF+ rN+ rCorr}
rElec   +          Harm     .   (no cloak)
rCorr   +          Rampage  .   (no gloves)
Will    .....                   h - +2 pair of boots "Uhemeg" {rElec rPois rN+ Will-}
Stlth   ..........              s - amulet of reflection
HPRegen 0.13/turn               g - +6 ring of strength
MPRegen 0.09/turn               r - ring of see invisible

@: no status effects
A: no striking features
a: no special abilities


You were on level 3 of the Dungeon.
You visited 1 branch of the dungeon, and saw 3 of its levels.

You collected 172 gold pieces.

Inventory:

Hand Weapons
 a - a +0 war axe
 i - the +11 hand crossbow of the Screaming Gnat (weapon) {venom, rElec rPois Dex-2 SInv}
   (You acquired it on level 1 of the Dungeon)

   Any ammunition fired from it poisons the flesh of those it strikes.
   Dex:       It affects your dexterity (-2).
   rElec:     It insulates you from electricity.
   rPois:     It protects you from poison.
   SInv:      It lets you see invisible.
Missiles
 j - 4 throwing nets
Armour
 b - a +0 scale mail (worn)
 c - a +0 buckler (worn)
 f - the +0 helmet "Dungucy" (worn) {rF+ rN+ rCorr}
   (You acquired it on level 1 of the Dungeon)

   rF:        It protects you from fire.
   rN:        It protects you from negative energy.
   rCorr:     It protects you from acid and corrosion.
 h - the +2 pair of boots "Uhemeg" (worn) {rElec rPois rN+ Will-}
   (You acquired it on level 1 of the Dungeon)

   rElec:     It insulates you from electricity.
   rPois:     It protects you from poison.
   rN:        It protects you from negative energy.
   Will:      It decreases your willpower.
Jewellery
 g - a +6 ring of strength (left hand)
 r - a ring of see invisible (right hand)
 s - an amulet of reflection (around neck)
 u - a ring of positive energy
Scrolls
 e - 2 scrolls of identify {unknown}
 k - a scroll of magic mapping {unknown}
 l - 2 scrolls of enchant weapon {unknown}
 n - 3 scrolls of amnesia {unknown}
 o - 2 scrolls of teleportation {unknown}
 p - a scroll of poison {unknown}
 v - a scroll of fear {unknown}
 w - 3 scrolls of noise {unknown}
Potions
 d - a potion of might
 m - a potion of magic {unknown}
 q - a potion of invisibility {unknown}
 t - a potion of heal wounds {unknown}
 x - a potion of flight {unknown}
 z - a potion of brilliance {unknown}


   Skills:
 + Level 4.2 Fighting
 - Level 3.2 Axes
 + Level 1.0 Ranged Weapons
 + Level 3.8 Armour
 + Level 1.1 Dodging
 + Level 3.8 Shields


You had 3 spell levels left.
You didn't know any spells.
Your spell library contained the following spells:

 Spells                   Type           Power      Damage    Failure   Level
 Sting                    Tmut/Pois      0%         1d3       80%         1


Dungeon Overview and Level Annotations

Branches:
Dungeon (3/15)

Altars:
Trog

Shops:
D:3 *


Message History

Your Ranged Weapons skill increases to level 1!
You shoot a bolt. The bolt hits the jackal!
You kill the jackal!
The jackal barely misses you. You block the jackal's attack.
You shoot a bolt. The bolt hits the jackal!!
You kill the jackal!
The ogre hits you with a +0 giant spiked club!!
Ouch! That really hurt!
You are too injured to fight recklessly!
You are too injured to fight recklessly!
You are too injured to fight recklessly!
You are too injured to fight recklessly!
You are too injured to fight recklessly!
You are too injured to fight recklessly!
You are too injured to fight recklessly!
You are too injured to fight recklessly!
You are too injured to fight recklessly!
You are too injured to fight recklessly!
You are too injured to fight recklessly!
You are too injured to fight recklessly!
You are too injured to fight recklessly!
You are too injured to fight recklessly!
You are too injured to fight recklessly!
You are too injured to fight recklessly!
Fire: i) +11 hand crossbow of the Screaming Gnat {venom, rElec rPois Dex-2 SInv}
Press: ? - help, Shift-Dir - straight line, f - ogre
Aim: an ogre, wielding a +0 giant spiked club (81% to hit)
You shoot a bolt. The bolt barely misses the ogre.
The ogre hits you with a +0 giant spiked club.
* * * LOW HITPOINT WARNING * * *
A hobgoblin comes into view.
Fire: i) +11 hand crossbow of the Screaming Gnat {venom, rElec rPois Dex-2 SInv}
Press: ? - help, Shift-Dir - straight line, f/p - ogre
Aim: an ogre, wielding a +0 giant spiked club (81% to hit)
You shoot a bolt. The hobgoblin shouts!
The bolt hits the ogre!!
The ogre is severely wounded.
The ogre hits you with a +0 giant spiked club!
You die...

##.# # #.......# #..
#..##########. ........# #..
#....##...##.. ####.#### #..
##..........#.#### #.# #..
#................####.# ####.
#....(.........#...##.####....
#.............................
##..........#.####.##.###.####
...)..##...##@# #..#.# #.#
.#############O# ##...###.# #
..# ##...##.#### .#..
#.#.##..... ..#.. ...#........
#g #......####.....## #.
#...... ##.....# # #.....
#>....## ... .#.....##


You could see an ogre and a hobgoblin.

Vanquished Creatures
  3 adders (D:2)
  4 worms
  4 endoplasms
  A giant cockroach (D:3)
  7 goblins
  3 hobgoblins
  10 jackals
  2 ball pythons
  5 bats
  3 frilled lizards
  4 rats
46 creatures vanquished.

Notes
Turn   | Place    | Note
-------+----------+-------------------------------------------
     0 | D:1      | purpskrrrp the Hill Orc Fighter began the quest for the
                  | Orb.
     0 | D:1      | Reached XP level 1. HP: 19/19 MP: 1/1
   157 | D:1      | Found a faded altar of an unknown god.
   161 | D:1      | Got Plato's Secrets of Vitiation
   167 | D:1      | Identified 3 scrolls of acquirement
   167 | D:1      | Acquired the +2 pair of boots "Uhemeg" {rElec rPois rN+
                  | Will-}
   173 | D:1      | Acquired the +11 hand crossbow of the Screaming Gnat
                  | {venom, rElec rPois Dex-2 SInv}
   175 | D:1      | Acquired the +0 helmet "Dungucy" {rF+ rN+ rCorr}
   238 | D:1      | Reached XP level 2. HP: 26/27 MP: 2/2
   578 | D:2      | Reached XP level 3. HP: 33/33 MP: 3/3
   700 | D:2      | Reached skill level 4 in Fighting
   700 | D:2      | Found a bloodstained altar of Trog.
   944 | D:2      | Reached skill level 1 in Dodging
  1040 | D:2      | Reached XP level 4. HP: 40/40 MP: 4/4
  1284 | D:3      | Found Isonomam's Assorted Antiques.
  1375 | D:3      | Noticed an ogre
  1377 | D:3      | Reached skill level 1 in Ranged Weapons
  1380 | D:3      | Slain by an ogre

Illustrated notes

Levels and vault maps discovered:
D:1:      minmay_arrival_glassed_features, layout_loops_ring,
          shapermc_ecumenical_altar_rom_forum, nicolae_kite_square_tiling_tiny
D:2:      layout_basic, basic_altar
D:3:      layout_rooms, serial_shops, nicolae_shop_hallway_stairs

Skill      XL: |  1  2  3  4 |
---------------+-------------+-----
Axes           | 3 |  3.2
Fighting       | 4 |  4.2
Dodging        | 1 |  1.1
Ranged Weapons | 1 |  1.0
Armour         | |  3.8
Shields        | |  3.8

Action                   |  1- 3 |  4- 6 || total
-------------------------+-------+-------++-------
Melee: War axe           |     1 |       ||     1
 Fire: Hand crossbow     |    41 |    24 ||    65
  Use: Scroll            |     3 |       ||     3
Armor: Scale mail        |     8 |     1 ||     9
Dodge: Dodged            |    18 |     7 ||    25
Block: Buckler           |     4 |     2 ||     6
